 Dungeon Sprint DCSS version 0.31-a0-43-g46d131a48f (webtiles) character file.

Game seed: 10834379265774219354

10689 sircluck the Brawler (level 11, -10/123 HPs)
             Began as a Troll Berserker on May 18, 2023.
             Was a High Priest of Trog.
             Mangled by a lindwurm (13 damage)
             ... in the Dungeon (Sprint I: "Red Sonja").
             The game lasted 00:06:38 (1519 turns).

sircluck the Brawler (Troll Berserker)              Turns: 1519, Time: 00:06:38

Health: -10/123    AC:  6    Str: 31    XL:     11   Next: 39%
Magic:  17/17      EV: 11    Int:  3    God:    Trog [*****.]
Gold:   361        SH: 18    Dex:  9    Spells: 10/10 levels left

rFire   . .          .
                       - Unarmed
rCold   . . .        r - +8 tower shield "Lazofiff" {MP+9 Slay+3 Stlth+}
rNeg    . . .        a - +0 animal skin
rPois   .            (helmet restricted)
rElec   .            p - +1 cloak {rCorr}
rCorr   +            (gloves unavailable)
SInv    .            (boots unavailable)
Will    .....        (no amulet)
Stlth   ++           (no ring)
HPRegen 1.20/turn    (no ring)
MPRegen 0.15/turn

%: no teleportation
@: unable to drink
A: large, unfitting armour, claws 3, regeneration 1, shaggy fur 1, tough skin 1,
low MP 1, inability to drink after injury 1
a: Renounce Religion, Berserk, Trog's Hand, Brothers in Arms


You were in the Dungeon.
You worshipped Trog.
Trog was extremely pleased with you.
You visited 1 branch You collected 1403 gold pieces.
You spent 1042 gold pieces at shops.

Inventory:

Missiles
 i - 2 curare-tipped darts (quivered)
 l - 11 stones
Armour
 a - a +0 animal skin (worn)
 p - a +1 cloak of preservation (worn)
 r - the +8 tower shield "Lazofiff" (worn) {MP+9 Slay+3 Stlth+}
   (You acquired it in the Dungeon)

   Slay:      It affects your accuracy & damage with ranged weapons and melee
   (+3).
   MP:        It affects your magic capacity (+9).
   Stlth:     It makes you more stealthy.
Wands
 c - a wand of light (4)
 h - a wand of flame (25)
Scrolls
 g - a scroll of identify {unknown}
 j - 2 scrolls of vulnerability {unknown}
 m - a scroll of magic mapping
 n - a scroll of immolation {unknown}
Potions
 b - 3 potions of curing
 d - a potion of haste
 e - 2 potions of magic
 f - a potion of berserk rage
 k - a potion of brilliance {unknown}
 o - a potion of degeneration {unknown}
Miscellaneous
 q - a tin of tremorstones (2/2)


   Skills:
 + Level 12.0 Fighting
 + Level 12.9 Dodging
 + Level 0.6 Stealth
 + Level 1.1 Shields
 + Level 19.9 Unarmed Combat


You had 10 spell levels left.
You didn't know any spells.
Your spell library was empty.

Dungeon Overview and Level Annotations

Branches:
Dungeon (1/1)

Altars:
Cheibriados
Dithmenos
Elyvilon
Fedhas
Gozag
Hepliaklqana
Kikubaaqudgha
Makhleb
Nemelex Xobeh
Okawaru
Qazlal
Ru
Sif Muna
Trog
Uskayaw
Vehumet
Wu Jian
Xom
Yredelemnul
Zin
The Shining One
Jiyva
Lugonu

Shops:
D ((:**(:?(==!:?!(:(:[?


Innate Abilities, Weirdness & Mutations

You are too large for most types of armour.
You have claws for hands.
Your natural rate of healing is unusually fast.
You are covered in fur. (AC +1)
You have tough skin. (AC +1)
Your magical capacity is low. (-10% MP)
You occasionally lose the ability to drink potions when taking damage.


Message History

You see here a +0 mace.
You open the door.
Found 54 gold pieces.
Found 54 gold pieces.
There is an open door here.
You now have 334 gold pieces (gained 27).
You now have 361 gold pieces (gained 27).
Found 27 gold pieces.
A lindwurm comes into view.
You see here 27 gold pieces.
Unknown command.
The lindwurm moves out of view.
The lindwurm roars!
The lindwurm breathes flames at you. The blast of flame hits you!!
You see here 27 gold pieces.
The lindwurm bites you! You block the lindwurm's attack.
The lindwurm claws you!
You see here 27 gold pieces.
You mangle the lindwurm!!
The lindwurm is moderately wounded.
The lindwurm breathes flames at you. The blast of flame hits you!!
You feel threatened and lose the ability to drink potions!
You mangle the lindwurm!!
The lindwurm is almost dead.
The lindwurm bites you!
* * * LOW HITPOINT WARNING * * *
You block the lindwurm's attack. x2
You claw the lindwurm!
The lindwurm is almost dead.
You barely miss the lindwurm.
The lindwurm is almost dead.
The lindwurm breathes flames at you. The blast of flame hits you!!
* * * LOW HITPOINT WARNING * * *
You barely miss the lindwurm.
The lindwurm is almost dead.
The lindwurm bites you!
You die...

###################**************
#__#..)...#[.#§§@k+,,,,,,+,,*,,+,
'..'.[#...##'#§####,,,,,**,,+,,*,
#__####...'..#§#,***,,,*******+*,
####..#####.)§§#+*,***+*,,,**,,*,
#§§§§)#§§##+####,,,*,*,**,,,*,,**
'§§§§§§§§#.....#,,,***,,***,*,,~*
#~§§.§#..#.....+,,,,,**,*,*,*,,~,
##'#####'###...#,,,,,*,,***,*,,~,
#).|[###.'.#...#**++**,**,,,*,,~*


You could see a lindwurm (catching breath).

Vanquished Creatures
  A centaur warrior (D)
  A deep troll (D)
  4 shining eyes (D)
  3 demonic crawlers (D)
  A gargoyle (D)
  2 unseen horrors (D)
  2 kobold demonologists (D)
  A hornet (D)
  A slime creature (D)
  Sigmund (D)
  A yak (D)
  A redback (D)
  4 floating eyes (D)
  An ogre (D)
  7 necrophages (D)
  8 jellies (D)
  Ijyb (D)
40 creatures vanquished.

Vanquished Creatures (collateral kills)
  A centaur warrior (D)
  Sonja (D)
  An oklob plant (D)
  4 shining eyes (D)
  A demonic crawler (D)
  A redback (D)
  2 floating eyes (D)
11 creatures vanquished.

Vanquished Creatures (others)
  2 ballistomycete spores (D)
2 creatures vanquished.

Grand Total: 53 creatures vanquished

Notes
Turn   | Place    | Note
-------+----------+-------------------------------------------
     0 | D        | sircluck the Troll Berserker began the quest for the Orb.
     0 | D        | Reached XP level 1. HP: 22/22 MP: 0/0
     1 | D        | Noticed Ijyb
     7 | D        | Killed Ijyb
     8 | D        | Reached skill level 4 in Unarmed Combat
     8 | D        | Reached XP level 2. HP: 12/31 MP: 1/1
    26 | D        | Noticed an ogre
    30 | D        | Killed an ogre
    31 | D        | Reached skill level 6 in Unarmed Combat
    31 | D        | Reached XP level 3. HP: 41/41 MP: 2/2
    31 | D        | Reached XP level 4. HP: 49/49 MP: 3/3
    82 | D        | Noticed Sigmund
    93 | D        | Killed Sigmund
    93 | D        | Reached ** piety under Trog
    94 | D        | Reached skill level 8 in Unarmed Combat
    94 | D        | Reached XP level 5. HP: 53/59 MP: 4/4
    94 | D        | Reached XP level 6. HP: 60/67 MP: 5/5
   108 | D        | Found an ornate altar of the Wu Jian Council.
   108 | D        | Found a shimmering blue altar of Sif Muna.
   110 | D        | Found a radiant altar of Vehumet.
   126 | D        | Found a burning altar of Makhleb.
   126 | D        | Found a viscous altar of Jiyva.
   126 | D        | Found a shimmering altar of Xom.
   126 | D        | Found a corrupted altar of Lugonu.
   126 | D        | Noticed a slime creature
   132 | D        | Killed a slime creature
   133 | D        | Reached skill level 9 in Unarmed Combat
   160 | D        | Noticed a kobold demonologist
   160 | D        | Noticed a floating eye
   160 | D        | Noticed a kobold demonologist
   162 | D        | Killed a floating eye
   163 | D        | Reached skill level 10 in Unarmed Combat
   163 | D        | Reached XP level 7. HP: 78/78 MP: 6/6
   169 | D        | Killed a kobold demonologist
   169 | D        | Reached *** piety under Trog
   170 | D        | Reached skill level 11 in Unarmed Combat
   171 | D        | Killed a kobold demonologist
   172 | D        | Reached XP level 8. HP: 88/88 MP: 7/7
   246 | D        | Found Syzol's Assorted Antiques.
   246 | D        | Found an ancient bone altar of Kikubaaqudgha.
   246 | D        | Found a hazy altar of Hepliaklqana.
   246 | D        | Found a stormy altar of Qazlal.
   246 | D        | Found a hide-covered altar of Uskayaw.
   246 | D        | Found a blossoming altar of Fedhas.
   246 | D        | Found a bloodstained altar of Trog.
   246 | D        | Found an iron altar of Okawaru.
   246 | D        | Found a basalt altar of Yredelemnul.
   246 | D        | Found a glowing golden altar of the Shining One.
   246 | D        | Found a snail-covered altar of Cheibriados.
   246 | D        | Found a sacrificial altar of Ru.
   246 | D        | Found a glowing silver altar of Zin.
   246 | D        | Found a shadowy altar of Dithmenos.
   246 | D        | Found a white marble altar of Elyvilon.
   248 | D        | Reached **** piety under Trog
   249 | D        | Reached skill level 12 in Unarmed Combat
   249 | D        | Found an opulent altar of Gozag.
   250 | D        | Found a sparkling altar of Nemelex Xobeh.
   267 | D        | Noticed a centaur warrior
   267 | D        | Noticed a centaur warrior
   278 | D        | Noticed Sonja
   285 | D        | Killed Sonja
   286 | D        | Reached skill level 13 in Unarmed Combat
   350 | D        | Found Foalul's Weapon Boutique.
   359 | D        | Noticed a shining eye
   359 | D        | Noticed a shining eye
   359 | D        | Noticed a shining eye
   360 | D        | Paralysed by a floating eye for 4 turns
   367 | D        | Paralysed by a floating eye for 2 turns
   373 | D        | Killed a shining eye
   374 | D        | Reached skill level 10 in Dodging
   374 | D        | Reached skill level 14 in Unarmed Combat
   374 | D        | Reached XP level 9. HP: 100/100 MP: 8/8
   376 | D        | Killed a shining eye
   376 | D        | Noticed a shining eye
   382 | D        | Killed a shining eye
   383 | D        | Reached skill level 10 in Fighting
   383 | D        | Reached skill level 15 in Unarmed Combat
   383 | D        | Paralysed by a floating eye for 4 turns
   386 | D        | Gained mutation: Your magical capacity is low. (-10% MP) [a
                  | shining eye]
   389 | D        | Killed a shining eye
   389 | D        | Reached ***** piety under Trog
   409 | D        | Noticed a shining eye
   409 | D        | Noticed a shining eye
   410 | D        | Gained mutation: You occasionally lose the ability to drink
                  | potions when taking damage. [a shining eye]
   423 | D        | Killed a shining eye
   424 | D        | Reached skill level 16 in Unarmed Combat
   424 | D        | Reached XP level 10. HP: 111/111 MP: 8/8
   428 | D        | Killed a shining eye
   434 | D        | Noticed a shining eye
   434 | D        | Noticed a shining eye
   439 | D        | Killed a shining eye
   443 | D        | Killed a shining eye
   443 | D        | Received a gift from Trog
   444 | D        | Reached skill level 17 in Unarmed Combat
   453 | D        | Found Kilonar's Weapon Shoppe.
   453 | D        | Found Aseunokk's General Store.
   453 | D        | Found Colis's Book Emporium.
   453 | D        | Found Ovviyp's Weapon Boutique.
   470 | D        | Bought a potion of heal wounds for 55 gold pieces
   505 | D        | Killed a centaur warrior
   507 | D        | Killed a centaur warrior
   508 | D        | Reached skill level 18 in Unarmed Combat
   562 | D        | Noticed a deep troll
   569 | D        | Killed a deep troll
   582 | D        | Found Ydghiax's Armour Emporium.
   592 | D        | Bought a +1 cloak of preservation for 214 gold pieces
   824 | D        | Paralysed by a hornet for 2 turns
   848 | D        | Noticed an oklob plant
   851 | D        | Killed an oklob plant
   852 | D        | Reached XP level 11. HP: 41/120 MP: 8/8
   968 | D        | Reached skill level 19 in Unarmed Combat
  1028 | D        | Received a gift from Trog
  1040 | D        | Paralysed by a floating eye for 2 turns
  1072 | D        | Reached ****** piety under Trog
  1129 | D        | Found Aqiwn's Magic Scroll Shoppe.
  1129 | D        | Found Omotha's Book Shop.
  1129 | D        | Found Fotavi's Antique Weapon Boutique.
  1131 | D        | Found Piaget's Jewellery Emporium.
  1131 | D        | Found Ecude's Jewellery Shop.
  1131 | D        | Found Wish's Distillery.
  1131 | D        | Found Honyug's Book Boutique.
  1131 | D        | Found Kemiy's Magic Scroll Emporium.
  1131 | D        | Found Qext's Distillery.
  1131 | D        | Found Keonec's Weapon Shoppe.
  1132 | D        | Bought a scroll of acquirement for 676 gold pieces
  1132 | D        | Acquired the +8 tower shield "Lazofiff" {MP+9 Slay+3
                  | Stlth+}
  1134 | D        | Found Tenik's Book Boutique.
  1135 | D        | Found Qemodish's Book Emporium.
  1135 | D        | Found Qucebreq's Weapon Boutique.
  1136 | D        | Found Dacux's Magic Scroll Emporium.
  1271 | D        | Received a gift from Trog
  1353 | D        | Bought a scroll of magic mapping for 97 gold pieces
  1401 | D        | Reached skill level 1 in Shields
  1512 | D        | Noticed a lindwurm
  1518 | D        | HP: 2/123 [lindwurm/blast of flame (32)]
  1519 | D        | Mangled by a lindwurm

Illustrated notes

Levels and vault maps discovered:
D:        dungeon_sprint_1 [red_sonja_temple_1, red_sonja_temple_small_1]

Skill      XL: |  1  2  3  4  5  6  7  8  9 10 11 |
---------------+----------------------------------+-----
Fighting       | 3 4 6 7 8 9 10 11 12 | 12.0
Dodging        | 3 4 6 7 8 10 11 12 | 12.9
Unarmed Combat | 4 6 8 10 11 14 16 18 19 | 19.9
Shields        | 1 |  1.1
Stealth        | |  0.6

Action                     |  1- 3 |  4- 6 |  7- 9 | 10-12 || total
---------------------------+-------+-------+-------+-------++-------
  Melee: Unarmed           |     8 |    18 |    31 |    77 ||   134
         Punch             |       |     1 |     3 |     4 ||     8
 Invoke: Berserk           |     1 |     1 |     2 |     2 ||     6
         Brothers in Arms  |       |       |     2 |     3 ||     5
    Use: Scroll            |       |       |       |     3 ||     3
         Potion            |       |       |       |     3 ||     3
 Armour: Animal skin       |       |     2 |     1 |    23 ||    26
  Dodge: Dodged            |       |     9 |     6 |    56 ||    71
  Block: Tower shield      |       |       |       |    17 ||    17

Table legend: (Time is in decaauts)
 A = Elapsed time spent in this place.
 B = Non-inter-level travel time spent in this place.
 C = Inter-level travel time spent in this place.
 D = Time resting spent in this place.
 E = Time spent auto-exploring this place.
 F = Levels seen in this place.
 G = Mean time per level.
                   A        B        C        D        E       F      G
               +--------+--------+--------+--------+--------+-----+--------+
         Total |   1544 |   1499 |     45 |    522 |    229 |   1 | 1544.0 |
       Dungeon |   1544 |   1499 |     45 |    522 |    229 |   1 | 1544.0 |
               +--------+--------+--------+--------+--------+-----+--------+

Top non-repeatable levels by time:
       D: 1544 daAuts
